 Dungeon Crawl Stone Soup version 0.21-a0-104-g7b58145 (webtiles) character file.

81269 Anti the Sharpshooter (level 15, -3/127 HPs)
             Began as a Demonspawn Hunter on July 5, 2017.
             Was the Champion of Okawaru.
             Slain by a merfolk impaler
             ... wielding a +1 trident of distortion
              (21 damage)
             ... on level 4 of the Shoals.
             The game lasted 00:58:34 (19846 turns).

Anti the Sharpshooter (Demonspawn Hunter)          Turns: 19846, Time: 00:58:35

Health: -3/127     AC: 28    Str: 24    XL:     15   Next: 26%
Magic:  15/22      EV: 23    Int: 11    God:    Okawaru [******]
Gold:   1140       SH:  0    Dex: 21    Spells: 14/14 levels left

rFire    + . .     SeeInvis .   a - +7 hand crossbow (venom)
rCold    + . .     Gourm    .   (no shield)
rNeg     . . .     Faith    .   K - +3 plate armour "Vofrumog" {+Inv rF+ rC+ Str+2}
rPois    +         Spirit   .   (helmet restricted)
rElec    .         Reflect  .   l - +2 cloak
rCorr    .         Harm     .   T - +0 pair of gloves
MR       ++...     Rnd*Rage +   V - +2 pair of boots {Stlth+}
Stlth    +.........             U - amulet of regeneration
HPRegen  1.11/turn              u - ring "Nigoahon" {MR+ Str+3}
MPRegen  0.18/turn              m - ring of poison resistance

@: mighty, agile, heroism, finesse, very slow
A: antennae 1, claws 2, berserk 1, clumsy 1, demonic guardian 2, dopey 1, high
mp 1, powered by pain 3, regeneration 1, sturdy frame 2
a: Heroism, Finesse, Renounce Religion, Evoke Invisibility


You were on level 4 of the Shoals.
You worshipped Okawaru.
Okawaru was exalted by your worship.
You were not hungry.

You visited 5 branches of the dungeon, and saw 21 of its levels.
You also visited: Ossuary.

You collected 1624 gold pieces.
You spent 484 gold pieces at shops.

Inventory:

Hand Weapons
 a - a +7 hand crossbow of venom (weapon)
 b - a +0 short sword of speed
 y - a +1 hand crossbow of freezing
Missiles
 d - 71 bolts (quivered)
Armour
 c - the +3 robe of Huap {Int+4}
   (You found it on level 2 of the Lair of Beasts)

   It affects your intelligence (+4).
 l - a +2 cloak (worn)
 E - a +1 leather armour of magic resistance
 K - the +3 plate armour "Vofrumog" (worn) {+Inv rF+ rC+ Str+2}
   (Okawaru gifted it to you on level 3 of the Lair of Beasts)

   It affects your strength (+2).
   It protects you from fire.
   It protects you from cold.
   It lets you turn invisible.
 Q - the +2 scale mail of the Gate {rCorr, unknown}
   (You found it on level 4 of the Shoals)

   It protects you from acid and corrosion.
 R - the +0 robe of Yxzuqod {Str+7 Int-4 Dex+3}
   (Okawaru gifted it to you on level 6 of the Lair of Beasts)

   It affects your strength (+7).
   It affects your intelligence (-4).
   It affects your dexterity (+3).
 T - a +0 pair of gloves (worn)
 V - a +2 pair of boots of stealth (worn)
Jewellery
 e - an uncursed ring of stealth
 m - a ring of poison resistance (right hand)
 u - the ring "Nigoahon" (left hand) {MR+ Str+3}
   (You acquired it on level 5 of the Lair of Beasts)

   [ring of strength]

   It affects your strength (+3).
   It affects your resistance to hostile enchantments.
 H - a +1 ring of protection {unknown}
 U - an amulet of regeneration (around neck)
Wands
 k - a wand of acid (9/15)
 x - a wand of polymorph (24/24)
Scrolls
 h - a scroll of identify
 i - 7 scrolls of recharging
 r - 7 scrolls of remove curse
 I - 2 scrolls of blinking
 J - a scroll of fog
 L - 2 scrolls of immolation
 P - 6 scrolls of teleportation
 W - 2 scrolls of amnesia
Potions
 g - 7 potions of lignification
 j - 3 potions of magic
 p - 9 potions of brilliance
 s - 5 potions of agility
 t - 6 potions of curing
 A - 7 potions of flight
 C - 2 potions of resistance
 D - a potion of cancellation {unknown}
 G - 2 potions of might
 S - a potion of experience {unknown}
Books
 v - a book of Maledictions

   Spells                             Type                      Level
   a - Corona                         Hexes                        1
   b - Ensorcelled Hibernation        Hexes/Ice                    2
   c - Confuse                        Hexes                        3
   d - Tukima's Dance                 Hexes                        3
   e - Dazzling Spray                 Conjuration/Hexes            3
 M - a book of Air

   Spells                             Type                      Level
   a - Shock                          Conjuration/Air              1
   b - Swiftness                      Charms/Air                   2
   c - Static Discharge               Conjuration/Air              3
   d - Airstrike                      Air                          4
   e - Lightning Bolt                 Conjuration/Air              5
 N - a book of Air

   Spells                             Type                      Level
   a - Shock                          Conjuration/Air              1
   b - Swiftness                      Charms/Air                   2
   c - Static Discharge               Conjuration/Air              3
   d - Airstrike                      Air                          4
   e - Lightning Bolt                 Conjuration/Air              5
 O - a book of Changes

   Spells                             Type                      Level
   a - Beastly Appendage              Transmutation                1
   b - Sticks to Snakes               Transmutation                2
   c - Spider Form                    Transmutation/Poison         3
   d - Ice Form                       Ice/Transmutation            4
   e - Blade Hands                    Transmutation                5
 X - a book of Transfigurations

   Spells                             Type                      Level
   a - Irradiate                      Conjuration/Transmutation    5
   b - Statue Form                    Transmutation/Earth          6
   c - Hydra Form                     Transmutation                6
   d - Dragon Form                    Transmutation                7
 Y - a book of Misfortune

   Spells                             Type                      Level
   a - Confusing Touch                Hexes                        1
   b - Confuse                        Hexes                        3
   c - Gell's Gravitas                Translocation                3
   d - Petrify                        Transmutation/Earth          4
   e - Metabolic Englaciation         Hexes/Ice                    5
   f - Yara's Violent Unravelling     Hexes/Transmutation          5
Miscellaneous
 Z - a sack of spiders
Comestibles
 f - 14 bread rations
 n - 16 royal jellies
 o - 4 chunks of flesh
 q - 10 meat rations
 z - 31 fruits


   Skills:
 + Level 14.9(19.9) Fighting
 + Level 0.6(5.6) Short Blades
 + Level 15.2(20.2) Crossbows
 + Level 9.8(14.8) Armour
 + Level 7.7(12.7) Dodging
 + Level 3.9(8.9) Stealth
 * Level 7.8 Evocations


You had 14 spell levels left.
You didn't know any spells.

Dungeon Overview and Level Annotations

Branches:
Dungeon (9/15)             Temple (1/1) D:7            Lair (6/6) D:8
 Shoals (4/4) Lair:3       Spider (0/4) Lair:4        Slime (1/5) Lair:6
    Orc: D:9-12

Altars:
Ashenzari
Cheibriados
Dithmenos
Elyvilon
Fedhas
Gozag
Hepliaklqana
Kikubaaqudgha
Makhleb
Nemelex Xobeh
Okawaru
Qazlal
Ru
Sif Muna
Trog
Uskayaw
Vehumet
Wu Jian
Xom
Yredelemnul
Zin
The Shining One

Shops:
D:5 *   D:6 }   D:8 !   D:9 }   Shoals:2 :

Annotations:
Lair:1 exclusion: oklob plant


Innate Abilities, Weirdness & Mutations

You have very sharp fingernails.
A demonic guardian rushes to your aid.
You are powered by pain.
Your movements are less encumbered by armour. (ER -4)
You have a pair of small antennae on your head.
You tend to lose your temper in combat.
You are clumsy. (Dex -2)
You are dopey. (Int -2)
You have an increased reservoir of magic. (+10% MP)
Your natural rate of healing is unusually fast.


Message History

You hear a splash.
The merfolk impaler closely misses you.
The merfolk throws a tomahawk.
The tomahawk hits you!
* * * LOW HITPOINT WARNING * * *
You hear a splash.
The merfolk impaler completely misses you.
Unknown command.
You feel better. The merfolk impaler misses you.
You can now deal lightning-fast blows.
The merfolk shouts!
The merfolk impaler completely misses you.
The merfolk impaler closely misses you.
You feel better.
The merfolk impaler completely misses you.
You gain the combat prowess of a mighty hero.
The merfolk misses you.
The merfolk impaler hits you from afar with a trident of distortion!
* * * LOW HITPOINT WARNING * * *
Space warps horribly around you!
You die...

≈≈≈≈≈PP≈.....P...≈
≈≈≈≈≈≈PP≈...P...≈≈
≈≈≈≈≈≈≈≈≈≈........
≈≈≈≈≈≈≈≈≈≈≈..)...≈
≈≈≈≈≈≈≈≈.≈≈......(
≈≈≈≈≈≈≈≈.≈≈.....≈.
≈≈≈≈≈((≈(≈≈.......
≈ ≈≈≈≈≈≈3@≈≈≈.(# ≈
≈≈≈≈≈≈.≈≈≈≈......≈
.
≈≈≈≈≈mm≈≈≈≈.......
.
≈≈≈≈≈≈≈≈≈.........
#
≈≈≈≈≈≈≈m≈...#####.
. ≈≈≈≈≈≈≈≈≈..## .
≈≈≈≈≈≈....≈# .
≈≈≈(≈.....≈# #
..P..≈.


You could see a merfolk impaler, 2 merfolk and a friendly smoke demon.

Vanquished Creatures
  A kraken (Shoals:2)
  Roxanne (Shoals:2)
  An azure jelly (Lair:6)
  A merfolk javelineer (Shoals:4)
  An ice dragon (Lair:6)
  4 hydras
  Erica (Lair:1)
  A merfolk aquamancer (Shoals:4)
  An alligator snapping turtle (Shoals:4)
  A two-headed ogre (D:9)
  Urug (Lair:5)
  12 sea snakes
  A lindwurm (Lair:6)
  11 harpies
  A wolf spider (Lair:4)
  5 fauns
  11 manticores
  7 merfolk sirens
  A water nymph (Shoals:2)
  2 black mambas
  17 spiny frogs
  5 torpor snails (Lair:6)
  A rime drake (Lair:1)
  8 komodo dragons
  10 merfolk
  The ghost of goofnerd the Covered, an amateur MiFi (D:5)
  3 trolls
  2 jumping spiders (Lair:4)
  7 polar bears (Lair:6)
  A wind drake (Shoals:1)
  8 hornets
  2 raiju (Lair:6)
  2 tyrant leeches (Lair:6)
  13 hippogriffs
  3 blink frogs (Lair:5)
  7 snapping turtles
  2 slime creatures
  2 redbacks (Lair:4)
  3 water elementals
  10 yaks
  3 wyverns
  The ghost of ultrashaft the Poker, an amateur MfSk (D:3)
  3 basilisks
  A hungry ghost (D:9)
  Menkaure (D:7)
  2 wargs (Lair:6)
  Duvessa (D:6)
  8 porcupines
  10 water moccasins
  14 hell hounds (Lair:6)
  2 orc warriors
  2 ice beasts
  An eye of draining (D:9)
  5 centaurs
  11 black bears (Lair:6)
  A necrophage (D:7)
  2 phantoms
  A sky beast (D:6)
  6 ogres
  51 wolves
  13 crocodiles
  An elf zombie (Ossuary)
  11 bullfrogs
  Blork the orc (D:4)
  4 scorpions
  A vampire bat (D:5)
  3 wights (D:7)
  An electric eel (Lair:1)
  A howler monkey (D:7)
  4 crimson imps
  3 orc priests
  A human zombie (Ossuary)
  3 jellies
  2 bullfrog skeletons
  6 hounds
  3 orc wizards
  2 centaur skeletons
  2 hell rats (Lair:6)
  3 iguanas
  6 worker ants
  A big kobold zombie (Ossuary)
  A hound zombie (Ossuary)
  4 mummies (Ossuary)
  Robin (D:2)
  7 gnolls
  A howler monkey skeleton (D:8)
  11 adders
  10 river rats (Lair:6)
  2 oozes (Lair:6)
  An adder skeleton (D:4)
  3 worms
  2 dart slugs
  6 leopard geckos
  23 orcs
  2 bat skeletons (D:5)
  3 bat zombies (D:5)
  6 giant cockroaches
  A gnoll zombie (Ossuary)
  19 goblins
  8 hobgoblins
  9 jackals
  5 bats
  7 frilled lizards
  A goblin zombie (Ossuary)
  A hobgoblin zombie (Ossuary)
  A jackal zombie (Ossuary)
  8 kobolds
  A kobold zombie (Ossuary)
  2 leopard gecko skeletons
  An orc zombie (Ossuary)
  A quokka zombie (D:9)
  5 rats
  A bush (Lair:1)
  2 plants
  A tentacle (Shoals:2)
527 creatures vanquished.

Vanquished Creatures (collateral kills)
  Jorgrun (Shoals:4)
  Ilsuiw (Shoals:4)
  A merfolk javelineer (Shoals:4)
  A merfolk impaler (Shoals:4)
  An anaconda (Lair:6)
  3 hydras
  2 merfolk aquamancers
  A sea snake (Shoals:1)
  4 harpies
  A manticore (Shoals:4)
  A merfolk siren (Shoals:4)
  A spiny frog (Lair:2)
  4 polar bears (Lair:6)
  4 merfolk (Shoals:4)
  2 tyrant leeches (Lair:6)
  A wyvern (Lair:3)
  Sigmund (D:2)
  A basilisk (Lair:2)
  5 water elementals
  5 yaks (Lair:4)
  2 wargs (Lair:6)
  A hell hound (Lair:6)
  An ice beast (D:6)
  An ogre (D:5)
  4 wolves
  A phantom (D:7)
  Dowan (D:6)
  A hound zombie (Ossuary)
  A gnoll (D:4)
  An orc (D:5)
  A hobgoblin zombie (Ossuary)
  A jackal skeleton (D:7)
  A plant (Shoals:4)
  A tentacle (Shoals:3)
59 creatures vanquished.

Vanquished Creatures (others)
  7 fungi
  27 plants
  16 tentacles
50 creatures vanquished.

Grand Total: 636 creatures vanquished

Notes
Turn   | Place    | Note
-------+----------+-------------------------------------------
     0 | D:1      | Anti the Demonspawn Hunter began the quest for the Orb.
     0 | D:1      | Reached XP level 1. HP: 16/16 MP: 1/1
   195 | D:1      | Reached skill level 4 in Crossbows
   195 | D:1      | Gained mutation: A weak demonic guardian rushes to your aid. [demonic ancestry]
   195 | D:1      | Reached XP level 2. HP: 22/22 MP: 2/2
   516 | D:1      | Reached XP level 3. HP: 27/27 MP: 3/3
  1255 | D:2      | Noticed Robin
  1262 | D:2      | Killed Robin
  1262 | D:2      | Reached XP level 4. HP: 18/33 MP: 4/4
  1558 | D:2      | Found a bloodstained altar of Trog.
  1636 | D:2      | Reached skill level 1 in Armour
  1677 | D:2      | Noticed Sigmund
  1687 | D:2      | Killed Sigmund
  1687 | D:2      | Reached skill level 5 in Crossbows
  1687 | D:2      | Reached skill level 1 in Stealth
  1687 | D:2      | Gained mutation: You sometimes gain a little power by taking damage. [demonic ancestry]
  1687 | D:2      | Reached XP level 5. HP: 39/39 MP: 5/5
  1744 | D:2      | Found a shattered altar of Ashenzari.
  2141 | D:3      | Noticed ultrashaft's ghost (amateur MfSk)
  2147 | D:3      | Killed ultrashaft's ghost
  2147 | D:3      | Reached XP level 6. HP: 37/47 MP: 6/6
  2261 | D:3      | Reached skill level 6 in Crossbows
  3085 | D:4      | Gained mutation: You have sharp fingernails. [demonic ancestry]
  3085 | D:4      | Reached XP level 7. HP: 38/53 MP: 7/7
  3622 | D:4      | Noticed Blork the orc
  3627 | D:4      | Killed Blork the orc
  3627 | D:4      | Reached skill level 7 in Crossbows
  3926 | D:4      | Found a shadowy altar of Dithmenos.
  4013 | D:4      | Found an opulent altar of Gozag.
  4014 | D:4      | Found a white marble altar of Elyvilon.
  4018 | D:4      | Found a hide-covered altar of Uskayaw.
  4098 | D:5      | Entered Level 5 of the Dungeon
  4205 | D:5      | Found Dumyecwao's General Store.
  4242 | D:5      | Bought a scroll of enchant weapon for 105 gold pieces
  4242 | D:5      | Bought a royal jelly for 28 gold pieces
  4267 | D:5      | Gained mutation: You sometimes gain power by taking damage. [demonic ancestry]
  4267 | D:5      | Reached XP level 8. HP: 61/61 MP: 8/8
  4333 | D:5      | Reached skill level 8 in Crossbows
  4397 | D:5      | Noticed goofnerd's ghost (amateur MiFi)
  4414 | D:5      | Killed goofnerd's ghost
  4632 | D:5      | Found an ancient bone altar of Kikubaaqudgha.
  4698 | D:6      | Reached skill level 5 in Fighting
  4983 | D:6      | Found Nehoupso's Gadget Shoppe.
  5305 | D:6      | Noticed Duvessa
  5307 | D:6      | Noticed Dowan
  5311 | D:6      | Reached skill level 9 in Crossbows
  5323 | D:6      | Killed Dowan
  5324 | D:6      | Killed Duvessa
  5420 | D:6      | Gained mutation: You are weak. (Str -2) [mutagenic meat]
  5421 | D:6      | Gained mutation: You are dopey. (Int -2) [mutagenic meat]
  5422 | D:6      | Gained mutation: You passively map a small area around you. [mutagenic meat]
  5423 | D:6      | Gained mutation: You are agile. (Dex +2) [mutagenic meat]
  5454 | D:6      | Gained mutation: You have very sharp fingernails. [demonic ancestry]
  5454 | D:6      | Reached XP level 9. HP: 68/69 MP: 9/9
  5859 | D:7      | Noticed a troll
  5867 | D:7      | HP: 2/69 [troll (12)]
  5871 | D:7      | Killed a troll
  6070 | D:7      | Noticed Menkaure
  6096 | D:7      | Found a sand-covered staircase.
  6101 | Ossuary  | Entered an ossuary
  6684 | D:7      | Found a staircase to the Ecumenical Temple.
  6693 | Temple   | Entered the Ecumenical Temple
  6886 | Temple   | Became a worshipper of Warmaster Okawaru
  6938 | D:7      | Killed Menkaure
  6938 | D:7      | Reached skill level 10 in Crossbows
  7181 | D:7      | Reached * piety under Okawaru
  7704 | D:7      | Found a radiant altar of Vehumet.
  8085 | D:8      | Gained mutation: Your movements are slightly less encumbered by armour. (ER -2) [demonic ancestry]
  8085 | D:8      | Reached XP level 10. HP: 71/79 MP: 10/10
  8105 | D:8      | Reached ** piety under Okawaru
  8281 | D:8      | Found a staircase to the Lair.
  8793 | D:8      | Reached skill level 11 in Crossbows
  8891 | D:8      | Found Quseqadi's Distillery.
  8915 | D:8      | Bought a potion of mutation for 104 gold pieces
  8915 | D:8      | Bought a potion of heal wounds for 65 gold pieces
  8915 | D:8      | Bought a potion of heal wounds for 65 gold pieces
  8915 | D:8      | Bought a potion of agility for 52 gold pieces
  8915 | D:8      | Bought a potion of heal wounds for 65 gold pieces
  8915 | D:8      | Lost mutation: You are agile. (Dex +2) [potion of mutation]
  8915 | D:8      | Lost mutation: You are dopey. (Int -2) [potion of mutation]
  8915 | D:8      | Lost mutation: You are weak. (Str -2) [potion of mutation]
  8915 | D:8      | Gained mutation: You are resistant to hostile enchantments. (MR+) [potion of mutation]
  8915 | D:8      | Gained mutation: Your movements are less encumbered by armour. (ER -4) [potion of mutation]
  8916 | D:8      | Lost mutation: You passively map a small area around you. [potion of mutation]
  8916 | D:8      | Gained mutation: You are highly resistant to hostile enchantments. (MR++) [potion of mutation]
  8917 | D:8      | Lost mutation: You are highly resistant to hostile enchantments. (MR++) [potion of mutation]
  8917 | D:8      | Lost mutation: Your movements are less encumbered by armour. (ER -4) [potion of mutation]
  8917 | D:8      | Gained mutation: You possess an exceptional clarity of mind. [potion of mutation]
  8917 | D:8      | Gained mutation: You have claws for hands. [potion of mutation]
  8918 | D:8      | Lost mutation: You possess an exceptional clarity of mind. [potion of mutation]
  8918 | D:8      | Lost mutation: You are resistant to hostile enchantments. (MR+) [potion of mutation]
  8918 | D:8      | Lost mutation: You have claws for hands. [potion of mutation]
  8918 | D:8      | Gained mutation: You possess an exceptional clarity of mind. [potion of mutation]
  8918 | D:8      | Gained mutation: You are resistant to electric shocks. (rElec) [potion of mutation]
  8919 | D:8      | Lost mutation: You possess an exceptional clarity of mind. [potion of mutation]
  8919 | D:8      | Gained mutation: You tend to lose your temper in combat. [potion of mutation]
  8919 | D:8      | Gained mutation: You are agile. (Dex +2) [potion of mutation]
  8919 | D:8      | Gained mutation: Your natural rate of healing is unusually fast. [potion of mutation]
  8919 | D:8      | Gained mutation: You have a pair of small horns on your head. [potion of mutation]
  8962 | D:8      | Reached *** piety under Okawaru
  8968 | D:8      | Received a gift from Okawaru
  9164 | D:9      | Found a sacrificial altar of Ru.
  9224 | D:9      | Found Igeudetewn's Gadget Boutique.
  9411 | D:9      | Reached skill level 5 in Dodging
  9497 | D:9      | Noticed a two-headed ogre
  9506 | D:9      | Killed a two-headed ogre
  9506 | D:9      | Received a gift from Okawaru
  9752 | D:9      | Reached **** piety under Okawaru
  9752 | D:9      | Received a gift from Okawaru
 10008 | Lair:1   | Entered Level 1 of the Lair of Beasts
 10056 | Lair:1   | Noticed an oklob plant
 10099 | Lair:1   | Noticed a spiny frog
 10104 | Lair:1   | Killed a spiny frog
 10293 | Lair:1   | Received a gift from Okawaru
 10297 | Lair:1   | Gained mutation: Your movements are less encumbered by armour. (ER -4) [demonic ancestry]
 10297 | Lair:1   | Reached XP level 11. HP: 78/87 MP: 11/11
 10535 | Lair:1   | Identified a scroll of acquirement
 11083 | Lair:1   | Noticed Erica
 11093 | Lair:1   | Killed Erica
 11093 | Lair:1   | Reached ***** piety under Okawaru
 11167 | Lair:1   | Reached skill level 12 in Crossbows
 11288 | Lair:1   | Noticed a five-headed hydra
 11301 | Lair:1   | Killed a five-headed hydra
 11405 | Lair:2   | Received a gift from Okawaru
 11502 | Lair:2   | Noticed a six-headed hydra
 11507 | Lair:2   | Killed a six-headed hydra
 11507 | Lair:2   | Reached skill level 10 in Fighting
 11541 | Lair:2   | Received a gift from Okawaru
 11856 | Lair:2   | Got a thick robe
 11857 | Lair:2   | Identified the +3 robe of Huap {Int+4} (You found it on level 2 of the Lair of Beasts)
 12223 | Lair:3   | Received a gift from Okawaru
 12319 | Lair:3   | Received a gift from Okawaru
 12338 | Lair:3   | Reached skill level 5 in Armour
 12355 | Lair:3   | Gained mutation: A demonic guardian rushes to your aid. [demonic ancestry]
 12355 | Lair:3   | Reached XP level 12. HP: 63/99 MP: 12/12
 12408 | Lair:3   | Got a heavily runed plate armour {god gift}
 13044 | Lair:3   | Found a staircase to the Shoals.
 13296 | Lair:4   | Reached skill level 13 in Crossbows
 13416 | Lair:4   | Lost mutation: You have a pair of small horns on your head. [potion of mutation]
 13416 | Lair:4   | Lost mutation: You are agile. (Dex +2) [potion of mutation]
 13416 | Lair:4   | Lost mutation: You are resistant to electric shocks. (rElec) [potion of mutation]
 13416 | Lair:4   | Gained mutation: You are dopey. (Int -2) [potion of mutation]
 13416 | Lair:4   | Gained mutation: You are clumsy. (Dex -2) [potion of mutation]
 13416 | Lair:4   | Gained mutation: You have an increased reservoir of magic. (+10% MP) [potion of mutation]
 13416 | Lair:4   | Gained mutation: You have a pair of small antennae on your head. [potion of mutation]
 13643 | Lair:4   | Received a gift from Okawaru
 13648 | Lair:4   | Reached ****** piety under Okawaru
 14029 | Lair:4   | Found a hole to the Spider Nest.
 14269 | Lair:5   | Identified the +3 plate armour "Vofrumog" {+Inv rF+ rC+ Str+2} (Okawaru gifted it to you on level 3 of the Lair of Beasts)
 14316 | Lair:5   | Reached skill level 1 in Evocations
 14755 | Lair:5   | Got a pitted lead ring
 14756 | Lair:5   | Noticed Urug
 14767 | Lair:5   | Killed Urug
 15111 | Lair:5   | Noticed a four-headed hydra
 15115 | Lair:5   | Killed a four-headed hydra
 15115 | Lair:5   | Gained mutation: You are powered by pain. [demonic ancestry]
 15115 | Lair:5   | Reached XP level 13. HP: 109/109 MP: 15/15
 15180 | Lair:6   | Entered Level 6 of the Lair of Beasts
 15303 | Lair:6   | Received a gift from Okawaru
 15368 | Lair:6   | Identified the ring "Nigoahon" {MR+ Str+3} (You acquired it on level 5 of the Lair of Beasts)
 15462 | Lair:6   | Found a staircase to the Slime Pits.
 15491 | Lair:6   | Received a gift from Okawaru
 15612 | Lair:6   | Received a gift from Okawaru
 15656 | Lair:6   | Found a runed door.
 15672 | Lair:6   | Received a gift from Okawaru
 15746 | Lair:6   | Received a gift from Okawaru
 15764 | Lair:6   | Got a heavy robe {god gift}
 15765 | Lair:6   | Identified the +0 robe of Yxzuqod {Str+7 Int-4 Dex+3} (Okawaru gifted it to you on level 6 of the Lair of Beasts)
 16234 | Lair:6   | Reached skill level 14 in Crossbows
 16472 | Lair:6   | Received a gift from Okawaru
 16790 | Lair:6   | Received a gift from Okawaru
 16942 | Lair:6   | Reached skill level 5 in Evocations
 17199 | Slime:1  | Entered Level 1 of the Pits of Slime
 17199 | Slime:1  | Noticed an azure jelly
 17222 | Lair:6   | Killed an azure jelly
 17222 | Lair:6   | Reached XP level 14. HP: 22/118 MP: 19/19
 17428 | Shoals:1 | Entered Level 1 of the Shoals
 17853 | Shoals:1 | Received a gift from Okawaru
 18407 | Shoals:2 | Received a gift from Okawaru
 18651 | Shoals:2 | Found Coabbeing's Book Shoppe.
 19005 | Shoals:2 | Noticed Roxanne
 19062 | Shoals:2 | Killed Roxanne
 19062 | Shoals:2 | Received a gift from Okawaru
 19099 | Shoals:2 | Noticed a kraken
 19126 | Shoals:2 | Killed a kraken
 19389 | Shoals:3 | Noticed a kraken
 19399 | Shoals:4 | Entered Level 4 of the Shoals
 19438 | Shoals:4 | Received a gift from Okawaru
 19438 | Shoals:4 | Reached skill level 15 in Crossbows
 19528 | Shoals:4 | Reached XP level 15. HP: 88/127 MP: 22/22
 19607 | Shoals:4 | Got a faintly humming scale mail
 19610 | Shoals:4 | Noticed Jorgrun
 19629 | Shoals:4 | Killed Jorgrun
 19633 | Shoals:4 | Noticed Ilsuiw
 19666 | Shoals:4 | Killed Ilsuiw
 19842 | Shoals:4 | HP: 4/127 [merfolk/tomahawk (11)]
 19846 | Shoals:4 | Slain by a merfolk impaler

Vault maps used:
D:1:      kilobyte_arrival_exit_the_forest
D:2:      nicolae_overflow_crystal_walls, marbit_many_paths,
          minmay_tetromino_t4, uniq_robin, uniq_sigmund
D:4:      minitemple, uniq_blork_the_orc
D:5:      kennysheep_vampire_church, serial_shops, nicolae_shop_stone,
          first_bread
D:6:      serial_co_window_serial, co_window_corner_a, co_window_paths_b,
          co_window_paths_b, co_window_of_opportunity_a, co_window_paths_a,
          co_window_cross_3, co_window_corner_cb, co_window_unsneaky_path_e,
          co_window_of_opportunity_c, co_window_cross_2, co_window_corner_b,
          co_window_broadway_b, co_window_paths_d, serial_shops, shop,
          uniq_duvessa
D:7:      kennysheep_little_box, temple_green, enter_ossuary_5, uniq_menkaure
D:8:      grunt_lair_entry_orc_guard_hut, serial_shops, nicolae_shop_waterfront
D:9:      nicolae_ru_awakened_eye, serial_shops, nicolae_shop_statue_plus
Temple:   nicolae_temple_figure_eight
Lair:1:   grunt_megastairs_5, minmay_lair_oklob_chamber,
          infiniplex_staircase_pool, uniq_erica
Lair:2:   grunt_megastairs_3
Lair:3:   elwin_shoals_entry_stream, grunt_forest_large_clearings,
          lemuel_fruit_tree
Lair:4:   spider_nest_entry_funnel_web, minivault_24, st_stairs_12
Lair:5:   uniq_urug
Lair:6:   hangedman_lair_caniforms_friends, wormcave,
          nicolae_slime_entry_slimehenge, kennysheep_rathole
Shoals:2: serial_shops, shop, nicolae_shoals_arrival_archipelago, uniq_roxanne
Shoals:4: shoals_end_simple, shoals_ilsuiw_ice, overgrown_statue, uniq_jorgrun
Ossuary:  ossuary_minmay_tomb_2a

Skill      XL: |  1  2  3  4  5  6  7  8  9 10 11 12 13 14 |
---------------+-------------------------------------------+-----
Crossbows      | 4 5 6 7 9 10 11 12 13 14 15 | 15.2
Dodging        | 2 3 4 5 6 7 |  7.7
Armour         | 1 2 3 4 5 7 9 |  9.8
Stealth        | 1 3 |  3.9
Fighting       | 3 4 5 7 8 10 12 13 14 | 14.9
Evocations     | 2 5 7 |  7.8
Short Blades   | |  0.6

Action                   |  1- 3 |  4- 6 |  7- 9 | 10-12 | 13-15 || total
-------------------------+-------+-------+-------+-------+-------++-------
Melee: Short sword       |    38 |       |       |   248 |    53 ||   339
       Headbutt          |       |       |       |    66 |       ||    66
       Hand crossbow     |       |       |       |     1 |       ||     1
 Fire: Hand crossbow     |    51 |   152 |   358 |   634 |   954 ||  2149
Invok: Heroism           |       |       |       |       |     1 ||     1
       Finesse           |       |       |       |       |     1 ||     1
 Abil: Evoke Invisibilit |       |       |       |     2 |     1 ||     3
Evoke: Sack of spiders   |       |       |       |       |     2 ||     2
  Use: Scroll            |       |     9 |     8 |    21 |     4 ||    42
       Potion            |       |       |     1 |    10 |    15 ||    26
  Eat: Chunk             |     1 |     5 |    15 |    17 |     6 ||    44
       Royal jelly       |       |       |     2 |     3 |       ||     5
       Fruit             |       |       |       |       |     7 ||     7
       Meat ration       |       |       |       |       |     1 ||     1
Armor: Leather armour    |    12 |     9 |    66 |    74 |       ||   161
       Plate armour      |       |       |       |     9 |   504 ||   513
       Skin              |       |       |       |       |     2 ||     2
Dodge: Dodged            |    30 |    38 |   170 |   236 |   413 ||   887
